 Dungeon Crawl Stone Soup version 0.21.0-24-g2553a33 (webtiles) character file.

1792 DogShitOnMyToe the Carver (level 9, -6/69 HPs)
             Began as a Barachi Ice Elementalist on Jan 21, 2018.
             Was an Initiate of Gozag.
             Mangled by an orc warrior
             ... wielding a +0 war axe
              (33 damage)
             ... on level 6 of the Dungeon.
             The game lasted 00:25:28 (7895 turns).

DogShitOnMyToe the Carver (BaIE)                    Turns: 7895, Time: 00:25:29

Health: -6/69      AC:  2    Str: 11    XL:     9   Next: 9%
Magic:  12/12      EV: 21    Int: 16    God:    Gozag
Gold:   317        SH:  0    Dex: 19    Spells: 9/12 levels left

rFire    . . .     SeeInvis .   w - +0 long sword
rCold    . . .     Gourm    .   (no shield)
rNeg     . . .     Faith    .   a - +0 robe
rPois    .         Spirit   .   (no helmet)
rElec    .         Reflect  .   (no cloak)
rCorr    .         Harm     +   (no gloves)
MR       .....                  (no boots)
Stlth    +++.......             j - amulet of harm
HPRegen  0.21/turn              (no ring)
MPRegen  0.13/turn              (no ring)

@: agile, can't hop, flying, very slightly contaminated, hasted, drained,
invisible, very quick
A: +LOS, swims, slowness 1, strong legs 1
a: Hop, Potion Petition, Call Merchant, Bribe Branch, Renounce Religion


You were on level 6 of the Dungeon.
You worshipped Gozag.
Gozag was aware of your devotion.
You were not hungry.

You visited 1 branch of the dungeon, and saw 6 of its levels.

You collected 402 gold pieces.
You paid 85 gold pieces to Gozag.

Inventory:

Hand Weapons
 l - a +2 short sword of flaming
 w - a +0 long sword (weapon)
 D - a +0 hunting sling
 L - a +2 whip of electrocution
Missiles
 d - 5 poisoned needles
 g - 102 arrows
 s - 4 needles of confusion
 E - 61 stones (quivered)
 I - 38 sling bullets
Armour
 a - a +0 robe (worn)
Jewellery
 j - an amulet of harm (around neck)
 k - an uncursed amulet of rage {unknown}
 y - an uncursed ring of flight {unknown}
 z - a +3 ring of protection {unknown}
 H - an uncursed ring of protection from cold {unknown}
 J - an uncursed ring of protection from magic {unknown}
 M - an uncursed amulet of the gourmand {unknown}
Wands
 e - a wand of random effects (19)
Scrolls
 m - 3 scrolls of teleportation {unknown}
 q - 2 scrolls of fog {unknown}
 r - a scroll of identify
 t - a scroll of immolation {unknown}
 v - a scroll of remove curse {unknown}
 x - a scroll of amnesia {unknown}
 C - a scroll of fear {unknown}
 G - a scroll of enchant armour {unknown}
 K - a scroll of silence {unknown}
Potions
 b - 2 potions of degeneration
 f - a potion of brilliance {unknown}
 h - a potion of might
 i - a potion of lignification {unknown}
 n - a potion of flight
 p - a potion of berserk rage
 F - a potion of magic {unknown}
Books
 A - a book of Frost

   Spells                             Type                      Level
   a - Freeze                         Ice                          1
   b - Throw Frost                    Conjuration/Ice              2
   c - Ozocubu's Armour               Charms/Ice                   3
   d - Throw Icicle                   Conjuration/Ice              4
   e - Summon Ice Beast               Ice/Summoning                4
Comestibles
 c - 3 rations


   Skills:
 + Level 6.2(5.6) Fighting
 * Level 8.2(7.6) Long Blades
 + Level 6.2(5.6) Dodging
 - Level 1.7(1.2) Stealth
 - Level 2.1(1.6) Spellcasting
 - Level 4.9(4.3) Conjurations
 - Level 4.3(3.8) Ice Magic


You had 9 spell levels left.
You knew the following spells:

 Your Spells              Type           Power        Failure   Level  Hunger
a - Freeze                Ice            ##..         4%          1    ##.....
b - Throw Frost           Conj/Ice       ##....       6%          2    ###....


Dungeon Overview and Level Annotations

Branches:
Dungeon (6/15)             Temple (0/1) D:5

Altars:
Ashenzari
Fedhas
Gozag
Zin

Shops:
D:5 *


Innate Abilities, Weirdness & Mutations

Shadows flee at your approach. (+LOS)
You can swim through water.
You cover ground slowly.
You can hop short distances.


Message History

The tomahawk hits the orc warrior but does no damage.
Aim: an orc warrior, wielding a war axe and wearing a chain mail (lightly wounded, unusually strong)
You throw a tomahawk. The tomahawk hits the orc warrior.
Aim: an orc warrior, wielding a war axe and wearing a chain mail (lightly wounded, unusually strong, hasn't noticed you)
You throw a tomahawk.
The tomahawk hits the orc warrior but does no damage.
You see here a tomahawk.
The orc warrior shouts!
You hit the orc warrior but do no damage.
You catch the helpless orc warrior completely off-guard!
You hit the orc warrior but do no damage.
You slash the orc warrior! You barely miss the orc warrior.
The orc warrior hits you with a war axe.
* * * LOW HITPOINT WARNING * * *
You hit the orc warrior but do no damage.
You hit the orc warrior.
The orc warrior hits you with a war axe!!
You die...
Your body crumbles into a pile of gold.

#.### #.).# # # ###.#######
.#. #...))..######## #.#
#.#####.#......# #.#
#.#####.#.####.# #.#
#....##.#.####.###.# ######
#.##..........(((((##.......
#.......#.####@###..........
#########.....o# #.##((#..#.
######## #.# .... #.# ##.#
#.. .. #.⌠ ... $ .### #


You could see an orc warrior (wandering).

Vanquished Creatures
  Pikel (D:5)
  Eustachio (D:5)
  Menkaure (D:5)
  3 orc warriors (D:6)
  2 centaurs (D:5)
  A bullfrog (D:6)
  A scorpion (D:5)
  A howler monkey (D:4)
  A crimson imp (D:4)
  A hound (D:4)
  2 orc priests
  2 orc wizards
  4 worker ants
  3 gnolls (D:3)
  5 adders
  2 oozes (D:3)
  3 worms
  3 dart slugs
  2 leopard geckos (D:4)
  13 orcs
  7 bats
  3 giant cockroaches (D:2)
  5 hobgoblins
  7 jackals
  4 quokkas
  3 ball pythons
  7 frilled lizards
  A giant cockroach zombie (D:5)
  5 goblins
  6 kobolds
  A leopard gecko zombie (D:5)
  13 rats
114 creatures vanquished.

Vanquished Creatures (others)
  A slave (D:6)
  A scorpion (D:6)
  A shadow imp (D:6)
3 creatures vanquished.

Grand Total: 117 creatures vanquished

Notes
Turn   | Place    | Note
-------+----------+-------------------------------------------
     0 | D:1      | DogShitOnMyToe the Barachi Ice Elementalist began the quest for the Orb.
     0 | D:1      | Reached XP level 1. HP: 13/13 MP: 3/3
   166 | D:1      | Reached skill level 4 in Ice Magic
   166 | D:1      | Reached XP level 2. HP: 17/20 MP: 3/5
   403 | D:1      | Reached skill level 1 in Fighting
   783 | D:1      | Learned a level 2 spell: Throw Frost
  1068 | D:1      | Reached XP level 3. HP: 24/26 MP: 3/6
  1583 | D:2      | Reached skill level 2 in Conjurations
  1925 | D:2      | Reached skill level 3 in Conjurations
  1925 | D:2      | Reached XP level 4. HP: 32/32 MP: 3/7
  2704 | D:3      | HP: 12/32 [gnoll/whip (7)]
  3064 | D:3      | Found a blossoming altar of Fedhas.
  3109 | D:3      | Reached skill level 4 in Conjurations
  3109 | D:3      | Reached XP level 5. HP: 36/37 MP: 5/8
  3290 | D:3      | Found a shattered altar of Ashenzari.
  3864 | D:3      | Reached skill level 2 in Fighting
  3864 | D:3      | Reached skill level 3 in Dodging
  3950 | D:4      | Reached XP level 6. HP: 42/44 MP: 4/9
  3975 | D:4      | Reached skill level 1 in Long Blades
  4157 | D:4      | Reached skill level 2 in Long Blades
  4254 | D:4      | Noticed an orc warrior
  4572 | D:4      | Reached skill level 3 in Fighting
  4599 | D:4      | HP: 21/47 [orc wizard/puff of frost (14)]
  4604 | D:4      | HP: 10/47 [orc wizard/puff of flame (3)]
  4605 | D:4      | HP: 4/47 [orc wizard/puff of flame (6)]
  5218 | D:4      | Reached XP level 7. HP: 52/52 MP: 10/10
  5255 | D:4      | Reached skill level 3 in Long Blades
  5309 | D:5      | Entered Level 5 of the Dungeon
  5330 | D:5      | Reached skill level 4 in Dodging
  5489 | D:5      | Found Zin's Purification Station.
  5495 | D:5      | Found a glowing silver altar of Zin.
  5640 | D:5      | HP: 26/52 [poisoned by a scorpion]
  5781 | D:5      | Found an opulent altar of Gozag.
  5835 | D:5      | Noticed Menkaure
  5885 | D:5      | Became a worshipper of Gozag Ym Sagoz the Greedy
  5896 | D:5      | Noticed Eustachio
  5905 | D:5      | Killed Eustachio
  5905 | D:5      | Reached skill level 4 in Long Blades
  5996 | D:5      | HP: 23/53 [??? (30)]
  6000 | D:5      | HP: 11/53 [??? (12)]
  6002 | D:5      | Killed Menkaure
  6002 | D:5      | Reached skill level 4 in Fighting
  6002 | D:5      | Reached skill level 5 in Long Blades
  6288 | D:5      | Found a staircase to the Ecumenical Temple.
  6462 | D:5      | Reached XP level 8. HP: 42/61 MP: 11/11
  6708 | D:5      | HP: 25/61 [centaur (7)]
  7164 | D:6      | Noticed Pikel
  7238 | D:5      | HP: 43/91 [Pikel/whip of electrocution (9)]
  7242 | D:5      | Killed Pikel
  7242 | D:5      | Reached skill level 5 in Fighting
  7242 | D:5      | Reached skill level 7 in Long Blades
  7242 | D:5      | Reached skill level 5 in Dodging
  7495 | D:6      | HP: 32/64 [orc warrior/broad axe (25)]
  7557 | D:6      | HP: 28/64 [orc warrior/short sword (18)]
  7566 | D:6      | Reached skill level 6 in Fighting
  7566 | D:6      | Reached skill level 6 in Dodging
  7566 | D:6      | Reached XP level 9. HP: 62/69 MP: 10/12
  7571 | D:6      | HP: 44/103 [orc warrior/hand axe (19)]
  7576 | D:6      | HP: 12/103 [orc warrior/hand axe (13)]
  7578 | D:6      | Reached skill level 8 in Long Blades
  7878 | D:6      | HP: 2/69 [orc warrior/war axe (44)]
  7893 | D:6      | HP: 27/69 [orc warrior/war axe (4)]
  7895 | D:6      | Mangled by an orc warrior

Skill      XL: |  1  2  3  4  5  6  7  8  9 |
---------------+----------------------------+-----
Ice Magic      | 4 |  4.3
Fighting       | 1 2 3 4 6 |  6.2
Conjurations   | 3 4 |  4.9
Dodging        | 3 4 6 |  6.2
Long Blades    | 2 5 7 8 |  8.2
Stealth        | |  1.7
Spellcasting   | |  2.1

Action                   |  1- 3 |  4- 6 |  7- 9 || total
-------------------------+-------+-------+-------++-------
Melee: Unarmed           |    12 |       |       ||    12
       Short sword       |     6 |    27 |       ||    33
       Long sword        |       |    45 |    87 ||   132
Throw: Javelin           |       |     7 |    12 ||    19
       Tomahawk          |       |       |     3 ||     3
 Cast: Freeze            |    51 |    44 |    30 ||   125
       Throw Frost       |     2 |    29 |     9 ||    40
Invok: Potion Petition   |       |       |     1 ||     1
 Abil: Hop               |       |     2 |     3 ||     5
Evoke: Wand              |       |       |     4 ||     4
  Use: Potion            |       |     2 |     4 ||     6
       Scroll            |       |     2 |     3 ||     5
 Stab: Sleeping          |       |     1 |       ||     1
       Invisible         |       |       |     1 ||     1
  Eat: Chunk             |     5 |    10 |     2 ||    17
       Ration            |       |     1 |     3 ||     4
Armor: Robe              |    10 |    11 |     5 ||    26
Dodge: Dodged            |    58 |    73 |    66 ||   197
       Rpst.: Long sword |       |    13 |    18 ||    31
